 Dungeon Crawl Stone Soup version 0.26-a0-663-g36e8fdb655 (webtiles) character file.

Game seed: 4509418144690391007

106 Peloso the Shield-Bearer (level 4, 0/40 HPs)
             Began as a Minotaur Fighter on Oct 10, 2020.
             Slain by Natasha (6 damage)
             ... on level 2 of the Dungeon.
             The game lasted 00:02:12 (1447 turns).

Peloso the Shield-Bearer (Minotaur Fighter)         Turns: 1447, Time: 00:02:14

Health: 0/40       AC:  7    Str: 21    XL:     4   Next: 55%
Magic:  3/3        EV:  8    Int:  5    God:
Gold:   111        SH:  9    Dex: 10    Spells: 3/3 levels left

rFire    . . .     SeeInvis .   a - +0 long sword
rCold    . . .     Faith    .   c - +0 kite shield
rNeg     . . .     Spirit   .   b - +0 scale mail
rPois    .         Reflect  .   (helmet restricted)
rElec    .         Harm     .   (no cloak)
rCorr    .         Rampage  .   (no gloves)
MR       .....                  (no boots)
Stlth    ..........             (no amulet)
HPRegen  0.13/turn              (no ring)
MPRegen  0.08/turn              (no ring)

@: slowed, very slow
A: retaliatory headbutt, horns 2
a: no special abilities


You were on level 2 of the Dungeon.
You visited 1 branch of the dungeon, and saw 2 of its levels.

You collected 111 gold pieces.

Inventory:

Hand Weapons
 a - a +0 long sword (weapon)
Armour
 b - a +0 scale mail (worn)
 c - a +0 kite shield (worn)
Scrolls
 e - 2 scrolls of magic mapping {unknown}
 f - a scroll of enchant weapon {unknown}
 h - a scroll of amnesia {unknown}
 i - a scroll of blinking {unknown}
 k - a scroll of enchant armour {unknown}
 l - 2 scrolls of remove curse {unknown}
Potions
 d - a potion of might
 g - a potion of stabbing {unknown}
 j - a potion of curing {unknown}


   Skills:
 + Level 4.2 Fighting
 + Level 3.4 Long Blades
 + Level 4.5 Armour
 + Level 1.0 Dodging
 + Level 0.1 Stealth
 + Level 4.5 Shields


You had 3 spell levels left.
You didn't know any spells.
Your spell library was empty.

Dungeon Overview and Level Annotations

Branches:
Dungeon (2/15)

Altars:
Dithmenos

Annotations:
D:2 Natasha


Innate Abilities, Weirdness & Mutations

You reflexively headbutt those who attack you in melee.
You have a pair of horns on your head.


Message History

You barely miss Natasha. Your headbutt misses Natasha.
Natasha is heavily wounded.
Natasha casts a spell at you. You resist with some effort.
Natasha casts a spell. x2
You closely miss Natasha.
Natasha is heavily wounded.
Natasha claws you but does no damage. The crimson imp hits you.
* * * LOW HITPOINT WARNING * * *
The shadow imp shouts, "Slither away, thou yeasty tardy-gaited fleecer!"
Natasha closely misses you.
You riposte.
You hit Natasha.
Natasha is heavily wounded.
You block the crimson imp's attack.
You closely miss Natasha.
Natasha is heavily wounded.
The crimson imp sputters.
The crimson imp barely misses you.
You riposte.
You closely miss the crimson imp. Natasha barely misses you.
You furiously retaliate!
You headbutt Natasha. Natasha claws you.
You die...

# #.####.# #.#
##.####.## #.#
#.#
.........###.#
#.#
##?..........#
#.#
#........##..#
#.# #...###$.#
..# #.#
#......†.##..#
#.#
..#.#.##..†#
#....5h@...#
......##5#.#
..... #.#.#
...<.......#
............
.# ..###.####
#.# #.. #


You could see Natasha, a crimson imp (summoned) and a shadow imp (summoned).

Vanquished Creatures
  Natasha (twice) (D:2)
  An ooze (D:1)
  3 leopard geckos
  2 giant cockroaches
  8 goblins
  6 hobgoblins (D:1)
  9 jackals (D:1)
  A quokka (D:2)
  A ball python (D:2)
  3 bats
  2 frilled lizards (D:1)
  2 kobolds (D:1)
  A rat (D:2)
41 creatures vanquished.

Notes
Turn   | Place    | Note
-------+----------+-------------------------------------------
     0 | D:1      | Peloso the Minotaur Fighter began the quest for the Orb.
     0 | D:1      | Reached XP level 1. HP: 19/19 MP: 0/0
    90 | D:1      | Reached XP level 2. HP: 14/27 MP: 1/1
   681 | D:1      | Reached XP level 3. HP: 28/33 MP: 2/2
  1117 | D:2      | Found a shadowy altar of Dithmenos.
  1198 | D:2      | Noticed Natasha
  1206 | D:2      | Killed Natasha
  1206 | D:2      | Reached XP level 4. HP: 28/40 MP: 3/3
  1417 | D:2      | Noticed Natasha
  1433 | D:2      | Killed Natasha
  1433 | D:2      | Reached skill level 1 in Dodging
  1437 | D:2      | Noticed Natasha
  1447 | D:2      | Slain by Natasha

Illustrated notes

Levels and vault maps discovered:
D:1:      moated_graveyard_arrival, layout_rooms, minmay_tetromino_l2
D:2:      layout_loops_ring, grunt_dithmenos_smoke, uniq_natasha

Skill      XL: |  1  2  3  4 |
---------------+-------------+-----
Shields        | 4 |  4.5
Armour         | 4 |  4.5
Fighting       | 4 |  4.2
Long Blades    | 3 |  3.4
Dodging        | 1 |  1.0
Stealth        | |  0.1

Action                   |  1- 3 |  4- 6 || total
-------------------------+-------+-------++-------
Melee: Long sword        |    87 |    25 ||   112
       Headbutt          |    10 |     5 ||    15
Armor: Scale mail        |    48 |    10 ||    58
Dodge: Dodged            |    31 |    10 ||    41
Block: Kite shield       |    61 |     9 ||    70
       Rpst.: Long sword |     5 |     3 ||     8

Table legend: (Time is in decaauts)
 A = Elapsed time spent in this place.
 B = Non-inter-level travel time spent in this place.
 C = Inter-level travel time spent in this place.
 D = Time resting spent in this place.
 E = Time spent auto-exploring this place.
 F = Levels seen in this place.
 G = Mean time per level.
                   A        B        C        D        E       F      G
               +--------+--------+--------+--------+--------+-----+--------+
         Total |   1495 |   1448 |     47 |      0 |   1133 |   2 |  747.5 |
       Dungeon |   1495 |   1448 |     47 |      0 |   1133 |   2 |  747.5 |
               +--------+--------+--------+--------+--------+-----+--------+

Top non-repeatable levels by time:
     D:1: 1105 daAuts
     D:2: 390 daAuts
